AoeStats
← Blyad _Mann

Arena

508719782Analyzed
4v4 RM · 9d ago on Sep 23, 2026· 54m 52s· 8 players
Game mode
Random Map
Map size
Large (8 player)
Population
200
Speed
Normal
Resources
Standard
Victory
Conquest
Starting age
Dark Age
Ending age
Imperial Age
RankedLock teamsTeams togetherTeam positionsShared explorationLock speedFull tech treeHidden civsTurbo modeCheats
Victory
Defeat
🇫🇷 Japanese · France
1051
+15
🇦🇺 Franks · Australia
1022
+16
🇧🇷 Turks · Brazil
1014
+16
🇪🇸 Britons · Spain
1014
+16
🇫🇷 Varangians · France
1099
-20
🇫🇷 Danes · France
1060
-17
🇳🇱 Danes · Netherlands
960
-13
🇩🇪 Khmer · Germany
954
-13
tts.engamb
11:32 Feudal Age
16:06 Castle Age
14:14 Double-Bit Axe
14:44 Horse Collar
17:11 Stone Mining
17:14 Gold Mining
19:38 Loom
26:13 Wheelbarrow
30:02 Imperial Age
28:03 Hand Cart
30:01 Forging
29:42 Fletching
30:43 Gold Shaft Mining
30:26 Bow Saw
30:25 Heavy Plow
33:36 Elite Janissary
35:33 Iron Casting
34:53 Bodkin Arrow
35:04 Scale Barding Armor
35:51 Bloodlines
35:41 Husbandry
Master of Ludus
0:31 Loom
10:47 Feudal Age
11:25 Horse Collar
11:35 Double-Bit Axe
14:57 Wheelbarrow
20:37 Castle Age
21:47 Bow Saw
21:41 Heavy Plow
21:34 Fletching
21:43 Stone Mining
23:31 Hand Cart
23:02 Town Watch
25:27 Gold Mining
29:00 Fortified Wall
30:12 Gold Shaft Mining
33:42 Imperial Age
34:47 Conscription
35:03 Hoardings
35:48 Conscription
36:04 Hoardings
35:51 Yeomen
36:14 Hoardings
35:22 Crossbowman
35:23 Elite Skirmisher
36:07 Elite Longbowman
36:48 Arbalester
37:27 Bodkin Arrow
37:33 Padded Archer Armor
38:35 Chemistry
37:48 Masonry
37:59 Guilds
38:20 Ballistics
39:16 Warwolf
39:29 Bracer
39:45 Leather Archer Armor
43:55 Ring Archer Armor
43:13 Treadmill Crane
53:39 Fervor
53:51 Sanctity
math-hbcn
10:05 Feudal Age
11:28 Loom
14:04 Castle Age
12:54 Double-Bit Axe
12:53 Horse Collar
17:24 Stone Mining
19:29 Bow Saw
19:49 Scale Mail Armor
22:32 Forging
24:49 Town Watch
25:42 Wheelbarrow
26:12 Gold Mining
27:31 Chain Mail Armor
28:57 Heavy Plow
35:19 Imperial Age
34:05 Iron Casting
34:44 Gold Shaft Mining
34:07 Pikeman
34:47 Squires
35:28 Hand Cart
35:26 Halberdier
36:33 Conscription
36:48 Plate Mail Armor
36:06 Capped Ram
37:06 Town Patrol
38:11 Kataparuto
39:06 Blast Furnace
37:58 Fletching
40:40 Man-at-Arms
41:34 Masonry
41:44 Ballistics
42:25 Chemistry
41:27 Treadmill Crane
43:10 Guard Tower
43:01 Treadmill Crane
44:22 Chemistry
43:19 Bodkin Arrow
43:24 Padded Archer Armor
45:52 Scale Barding Armor
47:18 Chain Barding Armor
48:02 Keep
47:46 Bloodlines
47:36 Husbandry
46:57 Cavalier
50:58 Light Cavalry
53:17 Elite Samurai
domiknocker
10:47 Feudal Age
11:20 Double-Bit Axe
18:46 Castle Age
20:08 Fletching
20:25 Scale Barding Armor
21:06 Forging
22:01 Loom
25:02 Gold Mining
28:34 Wheelbarrow
32:31 Gold Shaft Mining
34:35 Imperial Age
34:30 Hand Cart
36:25 Conscription
35:55 Elite Throwing Axeman
39:14 Scale Mail Armor
39:26 Forging
41:02 Ballistics
40:53 Squires
40:14 Pikeman
41:11 Halberdier
43:05 Arson
45:22 Chain Mail Armor
46:53 Husbandry
47:05 Scale Barding Armor
47:36 Iron Casting
47:29 Cavalier
51:19 Chain Barding Armor
lyonnais--86
11:23 Feudal Age
12:51 Double-Bit Axe
15:17 Castle Age
14:24 Horse Collar
16:31 Loom
17:39 Wheelbarrow
18:41 Bow Saw
18:39 Loom
25:27 Treadmill Crane
28:30 Imperial Age
26:36 Squires
26:47 Scale Barding Armor
26:53 Forging
27:24 Gold Mining
27:25 Stone Mining
27:42 Heavy Plow
28:12 Husbandry
29:15 Stone Shaft Mining
29:26 Bloodlines
28:41 Light Cavalry
30:35 Two-Man Saw
31:15 Chain Barding Armor
33:16 Cavalier
34:28 Conscription
33:36 Vendel Legacy
33:40 Gothikon
34:48 Hand Cart
34:19 Town Watch
34:49 Arson
34:50 Gambesons
35:45 Plate Barding Armor
35:45 Iron Casting
35:34 Ballistics
36:16 Chemistry
36:39 Elite Jarl
39:28 Blast Furnace
38:29 Scale Mail Armor
39:22 Elite Varangian Guard
42:31 Hussar
43:40 Pikeman
48:47 Chain Mail Armor
razors-38i
10:44 Feudal Age
14:46 Castle Age
14:16 Loom
17:46 Arson
21:17 Scale Mail Armor
24:55 Forging
25:20 Double-Bit Axe
34:27 Fervor
35:19 Gambesons
35:35 Squires
43:13 Imperial Age
40:30 Man-at-Arms
40:53 Man-at-Arms
42:49 Chain Mail Armor
43:09 Iron Casting
42:30 Long Swordsman
43:10 Long Swordsman
43:58 Long Swordsman
47:01 Conscription
46:04 Two-Handed Swordsman
46:33 Northmen's Fury
46:37 Capped Ram
47:39 Siege Ram
48:47 Champion
49:48 Pikeman
51:39 Plate Mail Armor
52:11 Blast Furnace
53:10 Pikeman
53:16 Pikeman
Blyad _Mann
0:28 Loom
12:55 Feudal Age
13:21 Double-Bit Axe
19:01 Castle Age
17:35 Gold Mining
17:51 Horse Collar
19:01 Stone Mining
21:40 Wheelbarrow
21:51 Stone Shaft Mining
21:03 Horse Collar
22:15 Bow Saw
26:46 Forging
26:36 Scale Mail Armor
30:00 Imperial Age
28:02 Squires
27:48 Arson
29:04 Scale Mail Armor
29:14 Forging
29:14 Heavy Plow
30:48 Forging
30:53 Chain Mail Armor
30:30 Fletching
32:30 Hand Cart
32:51 Iron Casting
33:08 Conscription
32:42 Gambesons
33:48 Hamask
35:00 Elite Jomsviking
35:05 Elite Varangian Guard
37:16 Gold Shaft Mining
37:03 Elite Jomsviking
Osman1453
0:54 Loom
11:44 Feudal Age
12:09 Horse Collar
12:35 Double-Bit Axe
13:15 Gold Mining
18:36 Castle Age
16:45 Stone Mining
20:19 Gold Shaft Mining
20:19 Stone Shaft Mining
20:00 Bow Saw
20:02 Heavy Plow
29:01 Imperial Age
26:55 Ballistics
30:04 Conscription
29:05 Elite Ballista Elephant
31:16 Chemistry
31:39 Crop Rotation
33:00 Double Crossbow
36:12 Siege Engineers
39:47 Husbandry
39:57 Bloodlines
39:08 Light Cavalry
41:30 Hoardings
42:00 Hussar
43:03 Scale Barding Armor
43:51 Forging
46:40 Fervor
46:59 Chain Barding Armor
50:05 Capped Ram
Connection lost

Rejoining the realm…

Still unreachable

The connection could not be restored.

Session expired

The server has moved on; the page needs a fresh start.